 Dungeon Crawl Stone Soup version 0.29.0-13-gc9e81de378 (webtiles) character file.

Game seed: 17898002281784320781

224 Pomfy the Covered (level 5, -2/47 HPs)
             Began as a Minotaur Fighter on Sept 8, 2022.
             Slain by an orc priest
             ... wielding a +0 flail
              (3 damage)
             ... on level 4 of the Dungeon.
             The game lasted 00:12:35 (1182 turns).

Pomfy the Covered (Minotaur Fighter)                Turns: 1182, Time: 00:12:36

Health: -2/47      AC: 12    Str: 22    XL:     5   Next: 67%
Magic:  4/4        EV: 10    Int:  5    God:
Gold:   126        SH:  4    Dex: 10    Spells: 4/4 levels left

rFire   . . .      SeeInvis .   a - +0 trident (protect)
rCold   . . .      Faith    .   c - +0 buckler
rNeg    . . .      Spirit   .   k - +0 plate armour
rPois   .          Reflect  .   (helmet restricted)
rElec   .          Harm     .   (no cloak)
rCorr   .          Rampage  .   (no gloves)
Will    .....                   (no boots)
Stlth   ..........              (no amulet)
HPRegen 0.15/turn               h - +4 ring of evasion
MPRegen 0.09/turn               (no ring)

@: no status effects
A: horns 2, retaliatory headbutt
a: no special abilities


You were on level 4 of the Dungeon.
You visited 1 branch of the dungeon, and saw 4 of its levels.

You collected 126 gold pieces.

Inventory:

Hand Weapons
 a - a +0 trident of protection (weapon)
 b - the +5 sling "Qonez" {vorpal, *Slow rElec Will+++ Int-2}
   (You found it on level 3 of the Dungeon)

   Any ammunition fired from it inflicts extra damage upon your enemies.
   Int:       It affects your intelligence (-2).
   rElec:     It insulates you from electricity.
   *Slow:     It may slow you when you take damage.
   Will:      It greatly increases your willpower.
Armour
 c - a +0 buckler (worn)
 k - a +0 plate armour (worn)
Jewellery
 h - a +4 ring of evasion (left hand)
Scrolls
 i - a scroll of fog {unknown}
 j - a scroll of identify
Potions
 d - a potion of invisibility {unknown}
 e - 2 potions of curing
 f - a potion of flight
 g - a potion of resistance {unknown}
 l - a potion of haste


   Skills:
 + Level 4.8 Fighting
 + Level 4.7 Polearms
 + Level 5.0 Armour
 + Level 0.8 Dodging
 + Level 0.2 Stealth
 + Level 4.2 Shields


You had 4 spell levels left.
You didn't know any spells.
Your spell library contained the following spells:

 Spells                   Type           Power      Damage    Failure   Level
 Ensorcelled Hibernation  Hex/Ice        0%         N/A       100%        2
 Passwall                 Tmut/Erth      0%         N/A       100%        2
 Ignite Poison            Fire/Tmut/Pois 0%         N/A       100%        3
 Mephitic Cloud           Conj/Pois/Air  0%         N/A       100%        3
 Swiftness                Air            0%         N/A       100%        3
 Freezing Cloud           Conj/Ice/Air   0%         6-21      100%        5


Dungeon Overview and Level Annotations

Branches:
Dungeon (4/15)
 Temple: D:4-7

Altars:
Qazlal

Annotations:
D:3 2 transporters


Innate Abilities, Weirdness & Mutations

You have a pair of horns on your head.
You reflexively headbutt those who attack you in melee.


Message History

The orc is moderately wounded.
The orc misses you. You furiously retaliate!
You headbutt the orc, but do no damage. You closely miss the orc.
The orc is moderately wounded.
The orc barely misses you.
You barely miss the orc.
The orc is moderately wounded.
You closely miss the orc. The orc hits you but does no damage.
The orc barely misses you.
You hit the orc but do no damage. You headbutt the orc, but do no damage.
The orc is moderately wounded.
The orc hits you with a +0 short sword.
* * * LOW HITPOINT WARNING * * *
The orc misses you.
You puncture the orc!
You kill the orc!
You hit the orc. Your headbutt misses the orc.
The orc is heavily wounded.
The orc barely misses you. You furiously retaliate!
You headbutt the orc!
You kill the orc!
The orc priest closely misses you.
The orc priest attacks as you move away!
The orc priest closely misses you.
A centaur comes into view.
The orc priest calls down the wrath of Beogh upon you.
Pain shoots through your body!
* * * LOW HITPOINT WARNING * * *
Items here: )) [ †.
Okay, then.
You see here 6 gold pieces.
Things that are here:
a +0 hand axe; a +0 scale mail The orc priest attacks as you move away!
The orc priest hits you with a +0 flail.
* * * LOW HITPOINT WARNING * * *
The orc priest attacks as you move away!
The orc priest hits you with a +0 flail.
You die...

.. #.# #.. #..##
#.<# ..# .# #..#
#.#.. #.. #..##
#...# ..# ##..#
#.#...#. #
#@.###...#.. #..
##o.##.#...#...#
#..##...#...#..
#...#.#$..#...#
##..##.)#...#
#..).....#...#
#.......#..#..
..###.......#..##
...............#..


You could see an orc priest.

Vanquished Creatures
  A scorpion (D:4)
  An orc priest (D:4)
  2 orc wizards (D:3)
  Robin (D:2)
  2 adders
  A worm (D:2)
  A dart slug (D:3)
  5 orcs
  4 endoplasms
  2 giant cockroaches
  3 goblins
  10 hobgoblins
  4 ball pythons
  2 bats (D:2)
  4 frilled lizards (D:1)
  3 kobolds
  2 rats
48 creatures vanquished.

Notes
Turn   | Place    | Note
-------+----------+-------------------------------------------
     0 | D:1      | Pomfy the Minotaur Fighter began the quest for the Orb.
     0 | D:1      | Reached XP level 1. HP: 19/19 MP: 0/0
    21 | D:1      | Found Xecsid's Vocational Training.
   166 | D:1      | Reached skill level 4 in Armour
   166 | D:1      | Reached XP level 2. HP: 27/27 MP: 1/1
   314 | D:2      | Noticed Robin
   324 | D:2      | Reached XP level 3. HP: 28/33 MP: 2/2
   332 | D:2      | Killed Robin
   574 | D:3      | Identified the +5 sling "Qonez" {vorpal, *Slow rElec
                  | Will+++ Int-2}
   763 | D:3      | Found a stormy altar of Qazlal.
   766 | D:3      | Noticed a necrophage
   790 | D:3      | Found a transporter.
   816 | D:3      | Reached XP level 4. HP: 33/41 MP: 3/3
   858 | D:3      | Found a transporter.
  1039 | D:4      | Noticed a black bear
  1102 | D:4      | Noticed a scorpion
  1119 | D:4      | Killed a scorpion
  1120 | D:4      | Reached XP level 5. HP: 19/47 MP: 4/4
  1150 | D:4      | Reached skill level 5 in Armour
  1172 | D:4      | Noticed a centaur
  1172 | D:4      | HP: 2/47 [orc priest/nerve-wracking pain (10)]
  1178 | D:4      | HP: 1/47 [orc priest/+0 flail (2)]
  1182 | D:4      | Slain by an orc priest

Illustrated notes

Levels and vault maps discovered:
D:1:      eino_arrival_cavern_a, layout_rooms, nicolae_shop_vocational
D:2:      layout_loops_ring, dreamdust_princess_bridge, uniq_robin
D:3:      layout_rooms, gammafunk_temple_overflow_arena, minmay_misc_feat_cross,
          minmay_rat_hole
D:4:      minmay_goblin_kobold_castle, layout_cave_pods,
          grunt_temple_overflow_order_and_chaos_1, lemuel_tele_altar,
          minmay_temple_entry_tees, hex_medium, st_stairs_11,
          kennysheep_generic_room_15

Skill      XL: |  1  2  3  4  5 |
---------------+----------------+-----
Armour         | 4 5 |  5.0
Shields        | 4 |  4.2
Fighting       | 4 |  4.8
Polearms       | 3 4 |  4.7
Dodging        | |  0.8
Stealth        | |  0.2

Action                   |  1- 3 |  4- 6 || total
-------------------------+-------+-------++-------
Melee: Trident           |    79 |    59 ||   138
       Headbutt          |     9 |     8 ||    17
  Use: Scroll            |     8 |       ||     8
       Potion            |     1 |       ||     1
Armor: Scale mail        |    20 |       ||    20
       Plate armour      |    16 |    28 ||    44
Dodge: Dodged            |    35 |    31 ||    66
Block: Buckler           |    14 |     8 ||    22
